 Dungeon Crawl Stone Soup version 0.29.0-13-gc9e81de378 (webtiles) character file.

Game seed: 3901074579760538635

7 RascalDebosk the Chopper (level 2, -3/29 HPs)
             Began as an Ogre Gladiator on Sept 8, 2022.
             Slain by a gnoll
             ... wielding a +0 club
              (4 damage)
             ... on level 1 of the Dungeon.
             The game lasted 00:02:55 (150 turns).

RascalDebosk the Chopper (Ogre Gladiator)            Turns: 150, Time: 00:02:55

Health: -3/29      AC:  3    Str: 17    XL:     2   Next: 0%
Magic:  2/2        EV: 10    Int:  9    God:
Gold:   53         SH:  0    Dex: 10    Spells: 1/1 levels left

rFire   . . .      SeeInvis .   a - +0 war axe
rCold   . . .      Faith    .   (no shield)
rNeg    . . .      Spirit   .   b - +0 robe
rPois   .          Reflect  .   c - +0 hat
rElec   .          Harm     .   (no cloak)
rCorr   .          Rampage  .   (gloves unavailable)
Will    .....                   (boots unavailable)
Stlth   +.........              (no amulet)
HPRegen 0.09/turn               (no ring)
MPRegen 0.08/turn               (no ring)

@: no status effects
A: large, unfitting armour, tough skin 1
a: no special abilities


You were on level 1 of the Dungeon.
You visited 1 branch of the dungeon, and saw 1 of its levels.

You collected 53 gold pieces.

Inventory:

Hand Weapons
 a - a +0 war axe (weapon)
Missiles
 d - 3 throwing nets (quivered)
 e - a large rock
 f - 4 poisoned darts
Armour
 b - a +0 robe (worn)
 c - a +0 hat (worn)


   Skills:
 + Level 2.9 Fighting
 + Level 3.1 Axes
 + Level 2.1 Throwing
 + Level 2.8 Dodging


You had one spell level left.
You didn't know any spells.
Your spell library was empty.

Dungeon Overview and Level Annotations

Branches:
Dungeon (1/15)

Altars:

Shops:
D:1 *


Innate Abilities, Weirdness & Mutations

You are too large for most types of armour.
You have tough skin. (AC +1)


Message History

You have reached level 2!
You now have 12 gold pieces.
You now have 30 gold pieces (gained 18).
Found 8 gold pieces.
You now have 45 gold pieces (gained 15).
Found 10 gold pieces.
You now have 53 gold pieces (gained 8).
A gnoll and a bat come into view.
The gnoll shouts!
The bat barely misses you.
You closely miss the bat. The bat misses you.
The bat hits you but does no damage. The bat hits you.
You hit the gnoll.
The gnoll is moderately wounded.
The bat hits you but does no damage. The gnoll hits you with a +0 club. x2
You hit the gnoll.
The gnoll is heavily wounded.
You closely miss the bat. The bat hits you but does no damage.
The bat barely misses you. The gnoll hits you with a +0 club.
The bat barely misses you.
You hit the gnoll.
The gnoll is severely wounded.
You hit the bat. The bat hits you but does no damage.
The gnoll completely misses you. The bat hits you but does no damage.
You barely miss the gnoll.
The gnoll is severely wounded.
You closely miss the bat. The bat barely misses you.
The gnoll hits you with a +0 club!
* * * LOW HITPOINT WARNING * * *
The bat hits you but does no damage. The gnoll completely misses you.
You barely miss the gnoll.
The gnoll is severely wounded.
You closely miss the bat. The bat hits you but does no damage.
The gnoll hits you with a +0 club.
* * * LOW HITPOINT WARNING * * *
You hit the gnoll.
The gnoll is almost dead.
The bat hits you but does no damage. The gnoll hits you with a +0 club.
You die...

........# ........##.....####...
........##.......................
........##............##.........
#############.........##.........
...........##.......#
#............##.......#.
#............##......~~P
#....##########...~~PP~≈
#....$g@b....##..P~PP~≈♣
#............#..~~P~♣≈♣~
#............#..PP~~≈≈♣
#............#..~~~≈♣♣PP
................PP~≈♣~♣P
....#............PP~~~♣
....#######......~P.P~~ ...
..............PP.
......###......#P


You could see a gnoll and a bat.

Vanquished Creatures
  A dart slug (D:1)
  An endoplasm (D:1)
  A hobgoblin (D:1)
  A bat (D:1)
  A rat (D:1)
5 creatures vanquished.

Vanquished Creatures (others)
  A plant (D:1)
1 creature vanquished.

Grand Total: 6 creatures vanquished

Notes
Turn   | Place    | Note
-------+----------+-------------------------------------------
     0 | D:1      | RascalDebosk the Ogre Gladiator began the quest for the
                  | Orb.
     0 | D:1      | Reached XP level 1. HP: 22/22 MP: 1/1
    25 | D:1      | Found Ixtar's General Store.
   123 | D:1      | Reached XP level 2. HP: 18/29 MP: 2/2
   149 | D:1      | HP: 1/29 [gnoll/+0 club (3)]
   150 | D:1      | Slain by a gnoll

Illustrated notes

Levels and vault maps discovered:
D:1:      lightli_arrival_quake, layout_basic, serial_shops, nicolae_shop_stone,
          serial_bayou_lagoon_a

Action                   || total
-------------------------++-------
Melee: War axe           ||    23
Armor: Robe              ||    13
Dodge: Dodged            ||    15
